 Dungeon Crawl Stone Soup version 0.31-a0-844-gdc52ec4e09 (webtiles) character file.

Game seed: 16909133246228116432

52 IdlyInterested the Ducker (level 3, -6/29 HPs)
             Began as a Demonspawn Gladiator on Sept 28, 2023.
             Mangled by Sigmund
             ... wielding a +0 scythe
              (9 damage)
             ... on level 2 of the Dungeon.
             The game lasted 00:03:40 (1233 turns).

IdlyInterested the Ducker (Demonspawn Gladiator)    Turns: 1233, Time: 00:03:40

Health: -6/29      AC: 13    Str: 14    XL:     3   Next: 60%
Magic:  3/3        EV:  4    Int: 11    God:
Gold:   83         SH:  0    Dex: 14    Spells: 2/2 levels left

rFire   . . .        a - +0 long sword
rCold   . . .        (no shield)
rNeg    . . .        l - +0 plate armour
rPois   .            j - +2 helmet
rElec   .            (no cloak)
rCorr   .            (no gloves)
SInv    .            (no boots)
Will    .....        (no amulet) Stlth
                     (no ring)
HPRegen 0.24/turn    (no ring)
MPRegen 0.08/turn

%: no passive effects
@: constricted
A: sturdy frame 2
a: no special abilities


You were on level 2 of the Dungeon.
You visited 1 branch of the dungeon, and saw 2 of its levels.

You collected 83 gold pieces.

Inventory:

Hand Weapons
 a - a +0 long sword (weapon)
Missiles
 d - 3 throwing nets
 e - a javelin
 f - 4 stones (quivered)
 k - 3 poisoned darts
Armour
 j - a +2 helmet (worn)
 l - a +0 plate armour (worn)
Scrolls
 c - a scroll of fear {unknown}
 g - a scroll of amnesia {unknown}
 h - a scroll of fog {unknown}
 i - a scroll of identify {unknown}


   Skills:
 * Level 3.0 Fighting
 + Level 3.0 Long Blades
 - Level 2.0 Throwing
 - Level 1.0 Armour
 - Level 3.0 Dodging


You had 2 spell levels left.
You didn't know any spells.
Your spell library contained the following spells:

 Spells                   Type           Power      Damage    Failure   Level
 Static Discharge         Conj/Air       0%         2-2/arc   100%        2
 Airstrike                Air            0%         2d(0-16)  100%        4
 Summon Lightning Spire   Summ/Air       0%         N/A       100%        4


Dungeon Overview and Level Annotations

Branches:
Dungeon (2/15)

Altars:

Annotations:
D:2 Sigmund


Innate Abilities, Weirdness & Mutations

Your movements are less encumbered by armour. (ER -4)


Message History

The ball python bites you but does no damage.
The ball python constricts you. Something hits you.
You bump into the rock wall.
The ball python bites you but does no damage.
The ball python constricts you.
You hear some strange, mumbled words.
A magic dart appears from out of thin air!
The magic dart hits you. The ball python closely misses you.
The ball python constricts you.
You bump into the rock wall.
Something hits you but does no damage. The ball python bites you.
The ball python constricts you.
You barely miss something.
The ball python bites you but does no damage.
The ball python constricts you. Something hits you.
You hit something.
The ball python bites you but does no damage.
The ball python constricts you.
The ball python bites you but does no damage.
The ball python constricts you.
You miss the ball python.
You feel less confused. Something hits you.
* * * LOW HITPOINT WARNING * * *
The ball python bites you but does no damage.
The ball python constricts you.
* * * LOW HITPOINT WARNING * * *
You barely miss something.
The ball python bites you but does no damage.
The ball python constricts you. Something hits you but does no damage.
You barely miss something. The ball python barely misses you.
The ball python constricts you.
You hear some strange, mumbled words.
A magic dart appears from out of thin air!
The magic dart hits you.
* * * LOW HITPOINT WARNING * * *
The ball python bites you but does no damage.
The ball python constricts you.
You slash something! The ball python barely misses you.
The ball python constricts you. Something hits you!
You die...

#.#.# #.#..
#.#####.#..
#..........
#..........
#.###...... # .$
#......
#.######.########....
#..S@{.......# #....
#.#####....... ......
# ....#.####....
.##.# #..#. !. ..
#..#. .# .. .. .. .#
. .# .#


You could see a ball python.

Vanquished Creatures
  2 adders (D:2)
  2 dart slugs (D:1)
  A bat (D:2)
  4 endoplasms
  2 hobgoblins
  2 jackals (D:2)
  A quokka (D:1)
  2 ball pythons (D:1)
  A frilled lizard (D:1)
  3 goblins
  5 kobolds (D:1)
  4 rats
29 creatures vanquished.

Notes
Turn   | Place    | Note
-------+----------+-------------------------------------------
     0 | D:1      | IdlyInterested the Demonspawn Gladiator began the quest for
                  | the Orb.
     0 | D:1      | Reached XP level 1. HP: 16/16 MP: 1/1
   215 | D:1      | Gained mutation: Your movements are slightly less
                  | encumbered by armour. (ER -2) [demonic ancestry]
   215 | D:1      | Reached XP level 2. HP: 22/22 MP: 2/2
   996 | D:2      | Gained mutation: Your movements are less encumbered by
                  | armour. (ER -4) [demonic ancestry]
   996 | D:2      | Reached XP level 3. HP: 28/28 MP: 3/3
  1118 | D:2      | Reached skill level 1 in Armour
  1205 | D:2      | Noticed Sigmund
  1233 | D:2      | Mangled by Sigmund

Illustrated notes

Levels and vault maps discovered:
D:1:      dpeg_arrival_tiny_j, layout_loops_corners, st_stairs_11
D:2:      layout_loops_ring, uniq_robin, uniq_sigmund, uniq_jessica

Skill      XL: |  1  2  3 |
---------------+----------+-----
Dodging        | 3 |  3.0
Throwing       | 2 |  2.0
Long Blades    | 3 |  3.0
Fighting       | 3 |  3.0
Armour         | 1 |  1.0

Action                     || total
---------------------------++-------
  Melee: Long sword        ||    85
  Throw: Stone             ||     3
   Stab: Sleeping          ||     2
 Armour: Leather armour    ||    34
         Plate armour      ||    31
  Dodge: Dodged            ||    42

Table legend: (Time is in decaauts)
 A = Elapsed time spent in this place.
 B = Non-inter-level travel time spent in this place.
 C = Inter-level travel time spent in this place.
 D = Time resting spent in this place.
 E = Time spent auto-exploring this place.
 F = Levels seen in this place.
 G = Mean time per level.
                   A        B        C        D        E       F      G
               +--------+--------+--------+--------+--------+-----+--------+
         Total |   1254 |   1112 |    142 |    166 |    621 |   2 |  627.0 |
       Dungeon |   1254 |   1112 |    142 |    166 |    621 |   2 |  627.0 |
               +--------+--------+--------+--------+--------+-----+--------+

Top non-repeatable levels by time:
     D:1: 1097 daAuts
     D:2: 157 daAuts
